 Dungeon Crawl Stone Soup version 0.31-a0-1388-g4b2ba238e7 (webtiles) character file.

Game seed: 8112142116937674626

2391 wildpjah the Slasher (level 9, -3/66 HPs)
             Began as a Demonspawn Gladiator on Dec 24, 2023.
             Was a Follower of Trog.
             Slain by an acid dragon (14 damage)
             ... on level 8 of the Dungeon.
             The game lasted 00:08:10 (6069 turns).

wildpjah the Slasher (Demonspawn Gladiator)         Turns: 6069, Time: 00:08:10

Health: -3/66      AC:  2    Str: 19    XL:     9   Next: 22%
Magic:  9/9        EV: 13    Int:  9    God:    Trog [*.....]
Gold:   368        SH:  0    Dex: 19    Spells: 8/8 levels left

rFire   . . .        D - +0 great sword
rCold   . . .        (shield currently unavailable)
rNeg    . . .        H - +2 scale mail {rPois}
rPois   +            (helmet restricted)
rElec   .            f - scarf {shadows}
rCorr   .            r - +0 pair of gloves
SInv    .            (no boots)
Will    .....        (no amulet) Stlth
                     j - ring of wizardry
HPRegen 0.31/turn    n - ring of the Leaping Queen {Fly Str+5}
MPRegen 0.11/turn

%: wizardry (x1)
@: corroded, flying
A: horns 1, ignite blood 1, spiny 2, weakness stinger 1, demonic touch 1
a: Renounce Religion, Berserk


You were on level 8 of the Dungeon.
You worshipped Trog.
Trog was aware of your devotion.
You visited 1 branch of the dungeon, and saw 8 of its levels.

You collected 368 gold pieces.

Inventory:

Hand Weapons
 a - a +0 long sword
 D - a +0 great sword (weapon)
Missiles
 d - 3 throwing nets
 e - a javelin (quivered)
Armour
 b - a +0 leather armour
 c - a +0 helmet
 f - a scarf of shadows (worn)
 i - a +0 chain mail
 r - a +0 pair of gloves (worn)
 H - a +2 scale mail of poison resistance (worn)
Jewellery
 j - a ring of wizardry (left hand)
 n - the ring of the Leaping Queen (right hand) {Fly Str+5}
   (You found it on level 3 of the Dungeon)

   [ring of flight]

   Str+5:     It affects your strength (+5).
   Fly:       It grants you flight.
 x - a +6 ring of intelligence
 y - a ring of positive energy
 A - an amulet of the acrobat
Wands
 s - a wand of polymorph (24)
 J - a wand of paralysis (7)
 K - a wand of roots (6)
 M - a wand of light (20)
Scrolls
 g - 2 scrolls of noise {unknown}
 l - 2 scrolls of amnesia {unknown}
 o - 2 scrolls of immolation {unknown}
 t - 3 scrolls of identify {unknown}
 w - a scroll of teleportation {unknown}
 B - a scroll of vulnerability {unknown}
 E - a scroll of enchant weapon {unknown}
 F - 3 scrolls of revelation {unknown}
 G - a scroll of butterflies {unknown}
Potions
 h - 2 potions of mutation {unknown}
 k - 5 potions of curing {unknown}
 m - 2 potions of heal wounds {unknown}
 p - a potion of enlightenment {unknown}
 q - a potion of attraction {unknown}
 u - a potion of cancellation {unknown}
 v - a potion of ambrosia {unknown}
 z - a potion of invisibility {unknown}
 C - 2 potions of haste {unknown}
 I - a potion of degeneration {unknown}
 L - a potion of brilliance {unknown}
 N - a potion of resistance {unknown}


   Skills:
 + Level 4.4 Fighting
 + Level 7.7 Long Blades
 + Level 1.8 Throwing
 * Level 6.2 Armour
 * Level 5.4 Dodging


You had 8 spell levels left.
You didn't know any spells.
Your spell library was empty.

Dungeon Overview and Level Annotations

Branches:
Dungeon (8/15)             Temple (0/1) D:6
   Lair: D:8-11

Altars:
Fedhas
Gozag
Ru
Trog


Innate Abilities, Weirdness & Mutations

You have a pair of small horns on your head.
Your demonic aura sometimes causes spilled blood to erupt in flames.
You are mostly covered in sharp spines.
You have a small tail.
Your touch may inflict minor irresistible damage on your foes.


Message History

The splash of acid misses you.
You closely miss the acid dragon.
You headbutt the acid dragon, but do no damage.
The acid dragon is lightly wounded.
The acid dragon is struck by your spines.
The acid dragon bites you! The acid dragon claws you.
You slash the acid dragon!
The acid dragon is severely wounded.
The acid dragon completely misses you. The acid dragon claws you.
You closely miss the acid dragon. Your headbutt misses the acid dragon.
The acid dragon is severely wounded.
The acid dragon is struck by your spines.
The acid dragon closely misses you. The acid dragon barely misses you. x2
The acid dragon claws you but does no damage.
You barely miss the acid dragon.
You tail-slap the acid dragon, but do no damage.
The acid dragon is severely wounded.
The acid dragon bites you but does no damage.
The acid dragon barely misses you.
You barely miss the acid dragon.
The acid dragon is severely wounded.
The acid dragon bites you. The acid dragon claws you.
You barely miss the acid dragon.
You headbutt the acid dragon, but do no damage.
The acid dragon is severely wounded.
The acid dragon spits acid at you. The splash of acid hits you!
The acid corrodes you! The acid dragon bites you!
* * * LOW HITPOINT WARNING * * *
The acid dragon claws you.
* * * LOW HITPOINT WARNING * * *
You hit the acid dragon but do no damage.
The acid dragon is severely wounded.
The acid dragon is struck by your spines.
The acid dragon bites you.
* * * LOW HITPOINT WARNING * * *
The acid dragon closely misses you.
You barely miss the acid dragon.
The acid dragon is almost dead.
The acid dragon bites you!
You die...

###############........
.......#......#........
.......#......#........
.......#......#........
.......#......#........
.......#......#........
.......#......'.@D.....
.......#......#........
.......#....(.#........
.......#......#........
.......#......#........
.......#......##########
.......#...............#
.......#...............#
.......#...............#


You could see an acid dragon (catching breath).

Vanquished Creatures
  Pikel (D:6)
  2 ice beasts (D:7)
  A black bear (D:6)
  2 ogres (D:5)
  2 lemures (D:6)
  A centaur (D:6)
  A phantom (D:5)
  Blork the orc (D:6)
  A bullfrog (D:6)
  2 scorpions (D:6)
  6 killer bees (D:7)
  3 howler monkeys (D:7)
  An electric eel (D:6)
  5 hounds
  3 jellies
  An orc priest (D:6)
  2 gnoll boudas
  An iguana (D:5)
  An orc wizard (D:6)
  Robin (D:3)
  7 gnolls
  10 adders
  2 shadow imps
  6 ufetubi
  2 adder zombies (D:2)
  An adder skeleton (D:2)
  A worm (D:2)
  3 orcs
  2 bat skeletons (D:2)
  9 endoplasms
  4 giant cockroaches
  12 goblins
  10 hobgoblins
  3 jackals (D:2)
  5 quokkas
  A ball python skeleton (D:2)
  2 ball python zombies (D:2)
  A bat (D:1)
  A frilled lizard (D:1)
  A kobold (D:3)
  A quokka skeleton (D:2)
  3 rats
125 creatures vanquished.

Notes
Turn   | Place    | Note
-------+----------+-------------------------------------------
     0 | D:1      | wildpjah the Demonspawn Gladiator began the quest for the
                  | Orb.
     0 | D:1      | Reached XP level 1. HP: 16/16 MP: 1/1
   129 | D:1      | Gained mutation: You are partially covered in sharp spines.
                  | [demonic ancestry]
   129 | D:1      | Reached XP level 2. HP: 22/22 MP: 2/2
   192 | D:1      | Reached skill level 3 in Long Blades
   474 | D:1      | You fall into a shaft and drop 1 floor!
   546 | D:2      | Gained mutation: You are mostly covered in sharp spines.
                  | [demonic ancestry]
   546 | D:2      | Reached XP level 3. HP: 24/27 MP: 3/3
  1357 | D:3      | Gained mutation: Your demonic aura sometimes causes spilled
                  | blood to erupt in flames. [demonic ancestry]
  1357 | D:3      | Reached XP level 4. HP: 34/34 MP: 4/4
  1399 | D:3      | Identified the ring of the Leaping Queen {Fly Str+5}
  1596 | D:3      | Noticed Robin
  1613 | D:3      | Killed Robin
  1744 | D:3      | Reached skill level 4 in Long Blades
  1868 | D:3      | Reached skill level 1 in Armour
  2202 | D:4      | Discovered your monstrous ancestry.
  2202 | D:4      | Gained mutation: You have a small tail. [demonic ancestry]
  2202 | D:4      | Reached XP level 5. HP: 39/39 MP: 5/5
  2321 | D:4      | Found a blossoming altar of Fedhas.
  2450 | D:4      | Found an opulent altar of Gozag.
  2450 | D:4      | Found a bloodstained altar of Trog.
  2458 | D:4      | Became a worshipper of Trog the Wrathful
  2763 | D:4      | Found a sacrificial altar of Ru.
  2801 | D:5      | Entered Level 5 of the Dungeon
  2805 | D:5      | Gained mutation: You have a pair of small horns on your
                  | head. [demonic ancestry]
  2805 | D:5      | Reached XP level 6. HP: 46/46 MP: 6/6
  3003 | D:5      | Reached skill level 5 in Long Blades
  3280 | D:5      | Reached XP level 7. HP: 52/52 MP: 7/7
  3885 | D:6      | Noticed Blork the orc
  3892 | D:6      | Killed Blork the orc
  4102 | D:5      | Reached * piety under Trog
  4259 | D:6      | Reached skill level 6 in Long Blades
  4366 | D:6      | Noticed Pikel
  4368 | D:6      | Reached XP level 8. HP: 55/58 MP: 8/8
  4376 | D:6      | Killed Pikel
  4377 | D:6      | Reached skill level 5 in Armour
  4382 | D:6      | Reached skill level 5 in Dodging
  4408 | D:6      | Reached skill level 7 in Long Blades
  4421 | D:6      | Found a staircase to the Ecumenical Temple.
  4644 | D:7      | Gained mutation: Your touch may inflict minor irresistible
                  | damage on your foes. [demonic ancestry]
  4644 | D:7      | Reached XP level 9. HP: 65/65 MP: 9/9
  6069 | D:8      | Slain by an acid dragon

Illustrated notes

Levels and vault maps discovered:
D:1:      lightli_arrival_maybe_door_vault, layout_basic
D:2:      layout_loops_ring, serial_undead, serial_undead_a, serial_undead_d,
          serial_undead_f, serial_undead_a, serial_undead_f, serial_undead_e,
          serial_undead_a, grunt_ministairs_7, chequers_big_river
D:3:      layout_basic, patterned_corridor, uniq_robin
D:4:      layout_basic, mainiacjoe_overflow_cross_hatched,
          gammafunk_temple_overflow_statue, lemuel_crystal_altar,
          minmay_misc_feat_four_crosses
D:5:      layout_loops_corners
D:6:      layout_rooms, minmay_temple_entry_glass, serial_bayou_pond_b,
          uniq_blork_the_orc, uniq_pikel
D:7:      layout_layer_cave
D:8:      layout_gridville, regret_index_temple_of_mockery,
          mainiacjoe_overflow_alcove_4, uniq_prince_ribbit1

Skill      XL: |  1  2  3  4  5  6  7  8  9 |
---------------+----------------------------+-----
Dodging        | 3 4 5 |  5.4
Long Blades    | 3 4 5 6 7 |  7.7
Armour         | 1 2 3 4 5 6 |  6.2
Fighting       | 3 4 |  4.4
Throwing       | |  1.8

Action                     |  1- 3 |  4- 6 |  7- 9 || total
---------------------------+-------+-------+-------++-------
  Melee: Long sword        |    79 |    81 |    23 ||   183
         Punch             |     2 |     1 |     1 ||     4
         Tailslap          |       |     6 |    10 ||    16
         Headbutt          |       |     4 |    15 ||    19
         Great sword       |       |       |    84 ||    84
  Throw: Javelin           |       |     1 |       ||     1
 Armour: Leather armour    |    16 |       |       ||    16
         Chain mail        |    39 |    64 |    33 ||   136
         Skin              |       |     4 |       ||     4
         Scale mail        |       |       |    66 ||    66
  Dodge: Dodged            |    37 |    43 |    87 ||   167

Table legend: (Time is in decaauts)
 A = Elapsed time spent in this place.
 B = Non-inter-level travel time spent in this place.
 C = Inter-level travel time spent in this place.
 D = Time resting spent in this place.
 E = Time spent auto-exploring this place.
 F = Levels seen in this place.
 G = Mean time per level.
                   A        B        C        D        E       F      G
               +--------+--------+--------+--------+--------+-----+--------+
         Total |   6143 |   6008 |    135 |      0 |   5200 |   8 |  767.9 |
       Dungeon |   6143 |   6008 |    135 |      0 |   5200 |   8 |  767.9 |
               +--------+--------+--------+--------+--------+-----+--------+

Top non-repeatable levels by time:
     D:7: 1286 daAuts
     D:5: 1189 daAuts
     D:2: 887 daAuts
     D:3: 817 daAuts
     D:4: 650 daAuts
     D:6: 644 daAuts
     D:1: 482 daAuts
     D:8: 186 daAuts
